 Dungeon Crawl Stone Soup version 0.19-a0-1254-gb9c29c0 (webtiles) character file.

4 truemonolith the Conjurer (level 1, -1/11 HPs)
             Began as an Octopode Conjurer on Aug 27, 2016.
             Slain by a gnoll
             ... wielding a +0 whip
              (2 damage)
             ... on level 1 of the Dungeon.
             The game lasted 00:01:44 (629 turns).

truemonolith the Conjurer (Octopode Conjurer)        Turns: 629, Time: 00:01:45

Health: -1/11      AC:  1    Str:  7    XL:     1   Next: 70%
Magic:  0/3        EV: 13    Int: 17    God:
Gold:   45         SH:  0    Dex: 12    Spells: 1 memorised, 3 levels left

rFire  . . .     SeeInvis .     (no weapon)
rCold  . . .     Gourm    .     (no shield)
rNeg   . . .     Faith    .     (helmet restricted)
rPois  .         Spirit   .     (no amulet)
rElec  .         Dismiss  .     (no ring)
rCorr  .         Reflect  .     (no ring)
MR     .....     Harm     .     (no ring)
Stlth  +++.......               (no ring)
                                (no ring)
                                (no ring)
                                (no ring)
                                (no ring)

@: no status effects
A: almost no armour, stealthy swim, amphibious, 8 rings, constrict 8, camouflage
1, gelatinous body 1
a: no special abilities


You were on level 1 of the Dungeon.
You were not hungry.

You visited 1 branch of the dungeon, and saw 1 of its levels.

You collected 45 gold pieces.

Inventory:

Jewellery
 d - a cursed ring of loudness {unknown}
Scrolls
 c - a scroll of fog {unknown}
Books
 a - a book of Conjurations

   Spells                             Type                      Level
   a - Magic Dart                     Conjuration                  1
   b - Searing Ray                    Conjuration                  2
   c - Dazzling Spray                 Conjuration/Hexes            3
   d - Fulminant Prism                Conjuration/Hexes            4
   e - Iskenderun's Mystic Blast      Conjuration                  4
   f - Iskenderun's Battlesphere      Conjuration/Charms           5
Comestibles
 b - a bread ration
 f - a beef jerky


   Skills:
 - Level 2.0 Dodging
 - Level 2.6 Stealth
 + Level 2.3 Spellcasting
 - Level 4.0 Conjurations


You had 3 spell levels left.
You knew the following spells:

 Your Spells              Type           Power        Failure   Level  Hunger
a - Magic Dart            Conj           ###.         3%          1    #......


Dungeon Overview and Level Annotations

Branches:
Dungeon (1/15)

Altars:


Innate Abilities, Weirdness & Mutations

You cannot wear most types of armour.
You are very stealthy in the water.
You are amphibious.
You can wear up to eight rings at the same time.
You can use your tentacles to constrict eight enemies at once.
Your skin changes colour to match your surroundings (Stealth+).
Your rubbery body absorbs attacks. (AC +1, EV +1)


Message History

Casting: Magic Dart
Confirm with . or Enter, or press ? or * to list all spells.
Aiming: Magic Dart
Press: ? - help, Shift-Dir - straight line, f/p - gnoll
Aim: a gnoll, wielding a whip and wearing a ring mail (lightly wounded)
The magic dart hits the gnoll.
The gnoll is lightly wounded.
The gnoll barely misses you.
Casting: Magic Dart
Confirm with . or Enter, or press ? or * to list all spells.
Aiming: Magic Dart
Press: ? - help, Shift-Dir - straight line, f/p - gnoll
Aim: a gnoll, wielding a whip and wearing a ring mail The magic dart hits the gnoll.
The gnoll hits you with a whip!
Ouch! That really hurt!
* * * LOW HITPOINT WARNING * * *
The gnoll misses you.
You closely miss the gnoll. Your grab misses the gnoll.
Your squeeze misses the gnoll. The gnoll hits you with a whip.
You die...

'..<..'.##..........#.#
###.#######....####.#.#
..........##.#.####.#.#
.#####.#####.#........#
.#####.##.........#.###
........#.##........#
###.#######.........#
.........'..........#############
###.######..#...@g...............
..#.#.#....###.....#..####.##....
.##.#.#####.#.........####.##.##.
..###.## #.......##..#.......##.
.......# #...###.#........#####.
.#..#..# #...# #.#.........####.
.#..#..# #...# #.#..............
.......# #...# #.....#(#.#.#####
.##.#..# #...# ###.#.#...#.#####


You could see a gnoll.

Vanquished Creatures
  A hobgoblin (D:1)
  A bat (D:1)
  A goblin (D:1)
  2 kobolds (D:1)
  A rat (D:1)
6 creatures vanquished.

Notes
Turn   | Place    | Note
-------+----------+-------------------------------------------
     0 | D:1      | truemonolith the Octopode Conjurer began the quest for the Orb.
     0 | D:1      | Reached XP level 1. HP: 11/11 MP: 3/3
   629 | D:1      | Slain by a gnoll

Vault maps used:
D:1:      shiori_shiawase, hangedman_decor_peaks_small

Action                   || total
-------------------------++-------
Melee: Unarmed           ||     1
 Cast: Magic Dart        ||    18
Armor: Skin              ||     1
Dodge: Dodged            ||    11
